 Dungeon Crawl Stone Soup version 0.28-a0-32-g8dfe7f97f6 (webtiles) character file.

Game seed: 8024912298625152381

273 lagrot the Skirmisher (level 6, 0/53 HPs)
             Began as a Hill Orc Monk on July 27, 2021.
             Was a Priest of Makhleb.
             Succumbed to a kobold's poison
             ... on level 4 of the Dungeon.
             The game lasted 00:15:18 (2931 turns).

lagrot the Skirmisher (Hill Orc Monk)               Turns: 2931, Time: 00:15:18

Health: 0/53       AC:  6    Str: 16    XL:     6   Next: 24%
Magic:  8/8        EV: 11    Int: 10    God:    Makhleb [***...]
Gold:   139        SH:  0    Dex: 13    Spells: 5/5 levels left

rFire   + . .      SeeInvis .   f - +1 hand axe (elec)
rCold   x . .      Faith    .   (no shield)
rNeg    . . .      Spirit   .   g - +1 ring mail
rPois   .          Reflect  .   (no helmet)
rElec   .          Harm     .   (no cloak)
rCorr   .          Rampage  .   (no gloves)
Will    .....                   (no boots)
Stlth   +.........              e - amulet of regeneration
HPRegen 1.17/turn               q - ring of fire
MPRegen 0.11/turn               (no ring)

@: lethally poisoned (0 -> -2)
A: no striking features
a: Renounce Religion, Minor Destruction, Lesser Servant of Makhleb


You were on level 4 of the Dungeon.
You worshipped Makhleb.
Makhleb was most pleased with you.
You visited 1 branch of the dungeon, and saw 4 of its levels.

You collected 139 gold pieces.

Inventory:

Hand Weapons
 a - a +0 spear
 f - a +1 hand axe of electrocution (weapon)
 i - a +2 whip of electrocution
Missiles
 c - 92 stones
 d - 13 poisoned darts
 l - 3 curare-tipped darts
 r - 15 sling bullets
Armour
 b - a +0 robe
 g - a +1 ring mail (worn)
Magical Staves
 n - a staff of conjuration
Jewellery
 e - an amulet of regeneration (around neck)
 q - a ring of fire (left hand)
Scrolls
 j - a scroll of magic mapping {unknown}
 m - a scroll of amnesia {unknown}
Potions
 h - a potion of lignification
 k - a potion of invisibility {unknown}
 o - 2 potions of brilliance {unknown}
 p - a potion of curing


   Skills:
 + Level 4.7 Fighting
 + Level 2.6(4.2) Axes
 - Level 4.1(4.4) Polearms
 + Level 0.3(2.1) Staves
 + Level 1.3 Armour
 + Level 3.2 Dodging
 + Level 2.0 Stealth
 + Level 3.4 Invocations


You had 5 spell levels left.
You didn't know any spells.
Your spell library contained the following spells:

 Spells                   Type           Power      Damage    Failure   Level
 Slow                     Hex            0%         N/A       73%         2
 Confusing Touch          Hex            0%         N/A       91%         3
 Vampiric Draining        Necr           0%         2d6       91%         3


Dungeon Overview and Level Annotations

Branches:
Dungeon (4/15)
 Temple: D:4-7

Altars:
Makhleb
Xom


Message History

You kill the kobold!
Makhleb accepts your kill.
c - 92 stones (gained 5)
You see here a +0 dagger.
There is a stone staircase leading up here.
The kobold shouts! x2
The kobold shouts!
The kobold shouts!
There is a stone staircase leading up here.
Found a shimmering altar of Xom.
Found a large runed translucent door.
You open the large door.
There is a large open translucent door here.
There is a shimmering altar of Xom here.
The kobold misses you.
You miss the kobold. The kobold closely misses you.
You barely miss the kobold.
The kobold hits you with a +2 whip of chaos.
You suddenly lose the ability to move!
The kobold hits you but does no damage.
You are poisoned.
You feel sick.
The kobold hits you with a +2 whip of chaos.
Space bends around you.
You feel sick.
The kobold hits you with a +2 whip of chaos.
The kobold freezes you.
The kobold hits you with a +0 short sword of chaos.
Space bends around you.
You feel sick.
The kobold hits you with a +2 whip of chaos.
You are electrocuted!!
* * * LOW HITPOINT WARNING * * *
The kobold hits you but does no damage.
You are lethally poisoned!
You can move again.
* * * LOW HITPOINT WARNING * * *
You feel very sick.
* * * LOW HITPOINT WARNING * * *
You feel very sick.
You die...

####.#####....).....#
#####............<......#
.........#####..#.......#
.####....#########......#
#...##§.§###.###.####
#.#.#...§§#§§.#..#
######..##§§§§KKKK§#..#
........'§.§_.##§§§#.##
........'...@..##§####
#.......##.....####
#........##..###
#........ #.#.#
#.........#####
#......... #..........


You could see 2 kobolds.

Vanquished Creatures
  A jelly (D:3)
  Terence (D:2)
  Natasha (thrice) (D:3)
  3 gnolls (D:3)
  A howler monkey skeleton (D:3)
  4 adders
  An adder zombie (D:1)
  A worm (D:3)
  A dart slug (D:1)
  2 bats
  6 endoplasms
  3 giant cockroaches
  5 goblins
  4 hobgoblins
  9 jackals
  4 quokkas
  A ball python (D:2)
  A giant cockroach zombie (D:1)
  9 kobolds
  4 rats
64 creatures vanquished.

Vanquished Creatures (collateral kills)
  A ball python (D:2)
1 creature vanquished.

Grand Total: 65 creatures vanquished

Notes
Turn   | Place    | Note
-------+----------+-------------------------------------------
     0 | D:1      | lagrot the Hill Orc Monk began the quest for the Orb.
     0 | D:1      | Reached XP level 1. HP: 19/19 MP: 1/1
   126 | D:1      | Reached XP level 2. HP: 19/27 MP: 2/2
   614 | D:1      | Found a faded altar of an unknown god.
   622 | D:1      | Became a worshipper of Makhleb the Destroyer
   622 | D:1      | Reached * piety under Makhleb
   622 | D:1      | Reached ** piety under Makhleb
   689 | D:1      | Reached XP level 3. HP: 31/33 MP: 3/3
  1374 | D:2      | Reached *** piety under Makhleb
  1684 | D:2      | Noticed Terence
  1707 | D:2      | Reached skill level 1 in Invocations
  1710 | D:2      | Killed Terence
  1711 | D:2      | Reached XP level 4. HP: 12/40 MP: 3/5
  2165 | D:3      | Reached skill level 1 in Axes
  2165 | D:3      | Reached XP level 5. HP: 47/47 MP: 6/6
  2216 | D:3      | Noticed Natasha
  2218 | D:3      | Killed Natasha
  2307 | D:3      | Noticed Natasha
  2310 | D:3      | Killed Natasha
  2434 | D:3      | Reached skill level 1 in Armour
  2434 | D:3      | Reached XP level 6. HP: 53/53 MP: 8/8
  2688 | D:3      | Noticed Natasha
  2711 | D:3      | Killed Natasha
  2912 | D:4      | Found a large runed translucent door.
  2912 | D:4      | Found a shimmering altar of Xom.
  2912 | D:4      | Found a large runed translucent door.
  2924 | D:4      | Paralysed by a kobold for 5 turns
  2930 | D:4      | HP: 1/53 [poisoned by a kobold]
  2931 | D:4      | Succumbed to a kobold's poison

Illustrated notes

Levels and vault maps discovered:
D:1:      saegor_arrival_fortress, layout_basic,
          shapermc_ecumenical_altar_totnotflames, minmay_misc_feat_diagonals
D:2:      layout_loops_ring, uniq_terence
D:3:      layout_basic, uniq_natasha
D:4:      due_chaos_kobolds, layout_rooms

Skill      XL: |  1  2  3  4  5 |
---------------+----------------+-----
Fighting       | 4 |  4.7
Polearms       | 4 |  4.1
Invocations    | 1 3 |  3.4
Stealth        | 2 |  2.0
Dodging        | 3 |  3.2
Axes           | 1 2 |  2.6
Armour         | 1 |  1.3
Staves         | |  0.3

Action                   |  1- 3 |  4- 6 || total
-------------------------+-------+-------++-------
Melee: Spear             |   102 |       ||   102
       Hand axe          |       |    98 ||    98
Invok: Minor Destruction |    22 |    21 ||    43
       Lesser Servant of |     1 |       ||     1
  Use: Scroll            |     2 |     1 ||     3
       Potion            |     3 |     1 ||     4
 Stab: Sleeping          |     1 |     1 ||     2
Armor: Robe              |    17 |       ||    17
       Ring mail         |       |    35 ||    35
Dodge: Dodged            |    62 |    51 ||   113

Table legend: (Time is in decaauts)
 A = Elapsed time spent in this place.
 B = Non-inter-level travel time spent in this place.
 C = Inter-level travel time spent in this place.
 D = Time resting spent in this place.
 E = Time spent auto-exploring this place.
 F = Levels seen in this place.
 G = Mean time per level.
                   A        B        C        D        E       F      G
               +--------+--------+--------+--------+--------+-----+--------+
         Total |   2932 |   2864 |     68 |    227 |   1900 |   4 |  733.0 |
       Dungeon |   2932 |   2864 |     68 |    227 |   1900 |   4 |  733.0 |
               +--------+--------+--------+--------+--------+-----+--------+

Top non-repeatable levels by time:
     D:1: 1293 daAuts
     D:2: 838 daAuts
     D:3: 741 daAuts
     D:4: 58 daAuts
